 Dungeon Crawl Stone Soup version 0.15.0-13-gb296d5c (webtiles) character file.

125547 Kashira the Thaumaturge (level 16, -10/155 HPs)
             Began as a Naga Enchanter on Sept 3, 2014.
             Was the Champion of Qazlal.
             Killed from afar by a greater naga (21 damage)
             ... with a bolt of poison
             ... on Level 5 of the Snake Pit.
             The game lasted 05:25:17 (36571 turns).

Kashira the Thaumaturge (Naga Enchanter)           Turns: 36571, Time: 05:25:17

HP -10/155       AC 26     Str 10      XL: 16   Next: 96%
MP   7/37        EV 18     Int 20      God: Qazlal [******]
Gold 2360        SH  8     Dex 15      Spells: 12 memorised,  3 levels left

rFire  . . .     SeeInvis +     w - +3 flail (protect)
rCold  . . .     Clarity  +     r - +3 leather armour
rNeg   . . .     rCorr    .     (no shield)
rPois  +         rRot     .     (helmet restricted)
rElec  .         Spirit   .     Y - +2 cloak
SustAb .         Warding  .     (no gloves)
rMut   .         Stasis   .     (no barding)
Gourm  .                        N - amulet of clarity
MR     ++...                    M - ring of wizardry
                                t - +5 ring of protection

@: lethally poisoned, protected from physical damage, very slightly
contaminated, repel missiles, very slow, very resistant to hostile enchantments,
very unstealthy
A: spit poison, constrict 1, horns 1, repulsion field 1, see invisible, breathe
flames 1, deformed body, poison resistance, robust 1, slowness 2, AC +5
a: Spit Poison, Upheaval, Elemental Force, Disaster Area, Renounce Religion,
Breathe Fire


You were on level 5 of the Snake Pit.
You worshipped Qazlal.
Qazlal was exalted by your worship.
You were near starving.

You visited 6 branches of the dungeon, and saw 30 of its levels.
You also visited: Ossuary and Volcano.

You collected 3018 gold pieces.
You spent 658 gold pieces at shops.

Inventory:

Hand weapons
 a - a +2 morningstar of holy wrath
 w - a +3 flail of protection (weapon)
Missiles
 D - 2 javelins of penetration (quivered)
Armour
 r - a +3 leather armour (worn)
 s - a storm dragon hide
 C - a +0 shield
 Y - a +2 cloak (worn)
Magical devices
 b - a wand of disintegration (10)
 c - a wand of lightning (5)
 j - a wand of paralysis (18) {unknown}
 y - a wand of enslavement (6)
 S - a wand of hasting (2)
Comestibles
 J - 2 bread rations
 K - 10 slices of pizza
 R - a royal jelly
 V - a meat ration
 X - 4 rotting chunks of naga flesh
Scrolls
 g - 2 scrolls of vulnerability
 i - 5 scrolls of magic mapping
 l - a scroll of teleportation
 o - 2 scrolls of fog
 z - 3 scrolls of identify
 E - a scroll of enchant weapon
 U - a scroll of remove curse
 W - a scroll of holy word {unknown}
Jewellery
 k - an uncursed ring of protection from magic
 n - an uncursed ring of protection from fire
 t - a +5 ring of protection (left hand)
 u - an uncursed ring of protection from cold
 L - an uncursed ring of teleportation
 M - a ring of wizardry (right hand)
 N - an amulet of clarity (around neck)
Potions
 f - 3 potions of curing
 h - a potion of brilliance
 q - a potion of haste
 v - 2 potions of cancellation
 x - 3 potions of agility
 A - 4 potions of restore abilities
 B - a potion of flight
 I - a potion of cure mutation
 O - 4 potions of resistance
 P - 3 potions of might
Books
 m - a book of Air

   Spells                             Type                      Level
   *Shock                             Conjuration/Air              1
   *Swiftness                         Charms/Air                   2
   Repel Missiles                     Charms/Air                   2
   *Flight                            Charms/Air                   3
   Static Discharge                   Conjuration/Air              3
   Lightning Bolt                     Conjuration/Air              5
 Q - a book of Death

   Spells                             Type                      Level
   Corpse Rot                         Necromancy                   2
   Sublimation of Blood               Necromancy                   2
   Agony                              Necromancy                   5
   Dispel Undead                      Necromancy                   5
   Excruciating Wounds                Charms/Necromancy            5
   Bolt of Draining                   Conjuration/Necromancy       5
 T - a book of Transfigurations

   Spells                             Type                      Level
   Stoneskin                          Transmutation/Earth          2
   Ice Form                           Ice/Transmutation            4
   Statue Form                        Transmutation/Earth          6
   Dragon Form                        Transmutation                7
Magical staves
 H - an uncursed staff of cold
Miscellaneous
 d - a stone of tremors


   Skills:
 + Level 8.3 Fighting
   Level 1.2 Short Blades
 + Level 10.1 Maces & Flails
 + Level 1.0 Throwing
 + Level 4.3 Armour
 + Level 11.0 Dodging
 - Level 5.0 Stealth
 + Level 1.9 Shields
 + Level 14.2 Spellcasting
 + Level 8.4 Conjurations
 + Level 13.0 Hexes
 + Level 1.0 Charms
 + Level 2.9 Summonings
 + Level 7.5 Air Magic
 + Level 2.2 Poison Magic
 + Level 0.7 Evocations


You had 3 spell levels left.
You knew the following spells:

 Your Spells              Type           Power        Failure   Level  Hunger
a - Enslavement           Hex            ######..     1%          4    None
b - Dazzling Spray        Conj/Hex       ######..     1%          3    None
c - Confuse               Hex            ######..     1%          3    None
d - Mephitic Cloud        Conj/Pois/Air  #####...     1%          3    None
e - Conjure Flame         Conj/Fire      ####....     1%          3    None
f - Shock                 Conj/Air       ####         1%          1    None
g - Flight                Chrm/Air       ####......   1%          3    None
h - Swiftness             Chrm/Air       ####....     1%          2    None
i - Invisibility          Hex            ######..     1%          6    #####..
j - Cure Poison           Pois           ###.......   1%          2    None
k - Mass Confusion        Hex            ######....   1%          6    #####..
l - Summon Lightning Spi  Summ/Air       #####...     3%          4    None


Dungeon Overview and Level Annotations

Branches:
Dungeon (11/15)            Temple (1/1) D:5             Orc (4/4) D:9
    Elf (1/3) Orc:4          Lair (8/8) D:11         Shoals (0/5) Lair:6
  Snake (5/5) Lair:3        Slime (0/6) Lair:6

Altars:
Ashenzari
Cheibriados
Dithmenos
Elyvilon
Fedhas
Kikubaaqudgha
Makhleb
Nemelex Xobeh
Okawaru
Qazlal
Sif Muna
Trog
Vehumet
Xom
Yredelemnul
Zin
The Shining One
Beogh
Jiyva

Shops:
D:5 =   D:11 [   Orc:4 *=!(*   Snake:4 =

Annotations:
D:4 Prince Ribbit
Elf:1 Nessos


Innate Abilities, Weirdness & Mutations

You cannot wear boots.
You can spit poison.
You can use your snake-like lower body to constrict enemies.
Your serpentine skin is tough (AC +5).
You have supernaturally acute eyesight.
Armour fits poorly on your strangely shaped body.
Your system is resistant to poisons.
You cover ground very slowly.
You have a pair of small horns on your head.
You are surrounded by a mild repulsion field (EV +2).
You can breathe flames.
You are robust (+10% HP).


Message History

The naga sharpshooter shoots an arrow.
The arrow is repelled.
You see here an arrow.
You feel sick.
The naga sharpshooter mumbles some strange words.
The naga sharpshooter magically shoots an arrow.
The arrow is repelled.
The naga sharpshooter shoots an arrow.
You block the arrow.
A naga comes into view. It is wielding a war axe.
You see here 3 arrows.
The greater naga gestures at you while chanting.
The bolt of poison misses you.
The naga sharpshooter shoots an arrow.
The arrow completely misses you. The greater naga casts a spell at you.
You easily resist.
Drink which item? (? for menu, Esc to quit)
You feel better.
The greater naga points at you and mumbles some strange words.
The bolt of poison hits you!
You are poisoned.
You die...

...............####.... #
?....................
#.##.........§...........
'..#.....######.........##
#..#.....#....#........#.#.
'. ##..§.#....##...........
#. #...##.....#........... #
#...# ....#..(......... #
#.N.## ##§##@§§......%.. #
##....###§N((§.§.........
.###.....§§NN.§.§.........(.
......N.§N§NNN..####.......
........N.§NN..## .......
........N.§N§.## .......
..(.........(## ......
......).....N..# .....
......(=......... ####


You could see 3 greater nagas, 2 naga sharpshooters, a naga ritualist, a naga
mage and 3 nagas.

Vanquished Creatures
  Saint Roka (Snake:3)
  A greater naga (Snake:5)
  A stone giant (Orc:4)
  The ghost of Fluffy the Protected, a powerful MiFi of the Shining One (Lair:8)
  Fannar (Lair:6)
  8 naga warriors
  8 hydras
  Erica (Lair:7)
  6 anacondas
  4 orc high priests
  11 naga sharpshooters
  6 shock serpents
  A deep elf knight (Volcano)
  2 unseen horrors
  A wizard (D:11)
  Pikel (D:8)
  5 large abominations (D:11)
  An orc knight (Orc:2)
  3 mana vipers (Snake:1)
  3 naga ritualists
  4 hill giants
  5 lindwurms
  A cyclops (D:10)
  3 orc sorcerers
  4 griffons
  6 salamanders
  17 elephants
  23 black mambas
  3 guardian serpents
  Joseph (D:9)
  22 spiny frogs
  11 naga magi
  7 komodo dragons
  A fire drake (Lair:7)
  2 molten gargoyles (Volcano)
  3 deep elf priests (Volcano)
  A wandering mushroom (Lair:7)
  2 polar bears
  A jumping spider (Elf:1)
  2 giant leeches (Lair:8)
  41 blink frogs
  A boulder beetle (Lair:6)
  2 trolls
  3 two-headed ogres
  3 basilisks
  A wraith (D:10)
  A shadow (D:11)
  4 redbacks
  20 yaks
  2 deep elf magi
  A tarantella (Lair:5)
  A hill giant zombie (D:8)
  A fire bat (Volcano)
  7 vampire mosquitoes
  3 wyverns
  2 deep elf fighters (Volcano)
  11 hippogriffs
  16 wolves
  A human (D:7)
  A hill giant skeleton (D:10)
  4 hungry ghosts
  The ghost of CrazyArbalest the Bolt Thrower, an average DsHu (Ossuary)
  25 nagas
  A warg (Orc:2)
  A mottled dragon (D:11)
  20 water moccasins
  20 orc warriors
  13 porcupines
  5 phantoms
  7 small abominations (D:11)
  4 black bears
  3 ice beasts
  9 ogres
  2 slaves (D:8)
  7 centaurs
  3 sky beasts
  A necrophage (D:9)
  A manticore skeleton (D:8)
  3 boring beetles
  Duvessa (D:8)
  3 big kobolds
  17 crocodiles
  27 giant frogs
  A water moccasin zombie (Ossuary)
  A scorpion (D:6)
  A cyclops skeleton (D:8)
  A troll zombie (D:9)
  14 killer bees
  A quasit (D:11)
  6 wights (D:11)
  10 bog bodies (Ossuary)
  4 goliath beetles
  4 electric eels (Lair:8)
  Dowan (D:8)
  3 crimson imps
  13 hounds
  26 orc priests
  A lava snake (Volcano)
  A black bear zombie (D:5)
  2 centaur zombies (Ossuary)
  A jelly (D:6)
  5 iguanas
  8 worker ants
  36 orc wizards
  An orange rat (Elf:1)
  22 sheep
  A sky beast zombie (Ossuary)
  A big kobold zombie (D:5)
  6 ogre zombies
  12 mummies (Ossuary)
  2 worker ant zombies
  8 gnolls
  29 adders
  3 lightning spires
  26 green rats
  A giant mite (D:6)
  2 shadow imps (D:9)
  An inept item mimic (Ossuary)
  4 worms
  A goliath beetle zombie (Ossuary)
  An adder zombie (Ossuary)
  An iguana zombie (D:5)
  An adder skeleton (D:4)
  5 giant geckos
  2 oozes
  141 orcs
  19 bats
  A bat skeleton (D:4)
  A bat zombie (Ossuary)
  5 giant cockroaches
  25 hobgoblins
  31 kobolds
  17 quokkas
  A ball python (D:1)
  A giant gecko skeleton (D:8)
  6 giant newts
  16 goblins
  A goblin skeleton (D:9)
  4 goblin zombies
  2 hobgoblin zombies
  13 jackals
  A jackal zombie (Ossuary)
  3 kobold zombies
  6 orc skeletons
  13 orc zombies
  A quokka zombie (D:5)
  16 rats
  A rat zombie (D:6)
  4 ballistomycetes (D:8)
  A bush (Lair:8)
  66 fungi
  51 plants
1202 creatures vanquished.

Vanquished Creatures (collateral kills)
  Asterion (Snake:1)
  Louise (Snake:3)
  3 naga warriors
  An anaconda (Snake:4)
  4 naga sharpshooters
  A salamander mystic (Snake:5)
  3 naga ritualists
  2 salamanders
  A mana viper (Snake:2)
  2 black mambas (Snake:1)
  6 naga magi
  A wolf (Lair:3)
  15 nagas
  2 water moccasins
  An orc warrior (Orc:2)
  An orc (Orc:2)
45 creatures vanquished.

Vanquished Creatures (others)
  A black mamba (Snake:5)
  A deep elf mage (D:10)
  An orc priest (Snake:3)
  16 lightning spires
  An adder (Lair:7)
  2 giant spores (D:8)
  A quokka (D:7)
  11 fungi
  14 plants
48 creatures vanquished.

Grand Total: 1295 creatures vanquished

Notes
Turn   | Place    | Note
--------------------------------------------------------------
     0 | D:1      | Kashira, the Naga Enchanter, began the quest for the Orb.
     0 | D:1      | Reached XP level 1. HP: 15/15 MP: 3/3
   365 | D:1      | Reached XP level 2. HP: 22/22 MP: 1/4
   751 | D:1      | Reached XP level 3. HP: 28/28 MP: 6/6
   756 | D:1      | Learned a level 3 spell: Dazzling Spray
  1573 | D:2      | Reached XP level 4. HP: 30/36 MP: 0/8
  1674 | D:2      | Reached skill level 5 in Stealth
  2195 | D:2      | Reached XP level 5. HP: 37/42 MP: 2/10
  2230 | D:2      | Learned a level 3 spell: Confuse
  3642 | D:4      | Reached skill level 1 in Conjurations
  4038 | D:4      | Reached XP level 6. HP: 46/50 MP: 9/13
  4084 | D:4      | Noticed an ogre
  4099 | D:4      | Killed an ogre
  4099 | D:4      | Reached skill level 1 in Fighting
  4177 | D:4      | Found a burning altar of Makhleb.
  4290 | D:4      | Reached skill level 1 in Armour
  4345 | D:4      | Reached XP level 7. HP: 56/58 MP: 1/15
  4605 | D:4      | Noticed Prince Ribbit
  4633 | D:5      | Entered Level 5 of the Dungeon
  4649 | D:5      | Found Phalasa's Jewellery Boutique.
  4651 | D:5      | Got an ancient chain mail
  4671 | D:5      | Found a sand-covered staircase.
  4722 | Ossuary  | Entered an ossuary
  4725 | Ossuary  | Noticed CrazyArbalest's ghost (average DsHu)
  4742 | Ossuary  | Killed CrazyArbalest's ghost
  4938 | Ossuary  | Reached skill level 1 in Maces & Flails
  5222 | Ossuary  | Reached XP level 8. HP: 49/68 MP: 12/18
  5361 | Ossuary  | Reached skill level 5 in Hexes
  5801 | Ossuary  | Reached skill level 5 in Spellcasting
  5879 | Ossuary  | Identified the cursed -1 chain mail of the Pure Stars {Int+3 Curse} (You found it on level 5 of the Dungeon)
  5953 | D:5      | Found a blossoming altar of Fedhas.
  6215 | D:5      | Got an encrusted dagger
  6222 | D:5      | Identified the cursed -1 dagger "Zotanta" {venom, Dex+1 SInv} (You found it on level 5 of the Dungeon)
  6241 | D:5      | Found a staircase to the Ecumenical Temple.
  6261 | Temple   | Entered the Ecumenical Temple
  6287 | Temple   | Became a worshipper of Qazlal Stormbringer
  6626 | D:6      | Reached XP level 9. HP: 53/76 MP: 19/21
  7023 | D:6      | Acquired Qazlal's first power
  7373 | D:7      | Reached skill level 6 in Hexes
  7449 | D:7      | Learned a level 4 spell: Enslavement
  7453 | D:7      | Learned a level 3 spell: Mephitic Cloud
  7483 | D:7      | Reached skill level 5 in Dodging
  7864 | D:7      | Acquired Qazlal's second power
  7920 | D:7      | Found a white marble altar of Elyvilon.
  8111 | D:7      | Reached skill level 7 in Hexes
  8440 | D:7      | Found a radiant altar of Vehumet.
  8750 | D:7      | Reached XP level 10. HP: 85/85 MP: 11/24
  8819 | D:8      | Noticed Duvessa
  8819 | D:8      | Noticed Dowan
  8825 | D:8      | Killed Dowan
  8846 | D:8      | Killed Duvessa
  9055 | D:8      | Acquired Qazlal's third power
  9577 | D:8      | Noticed Pikel
  9609 | D:8      | Killed Pikel
  9874 | D:9      | Reached skill level 5 in Maces & Flails
  9891 | D:9      | Acquired Qazlal's fourth power
  9934 | D:9      | Reached skill level 8 in Hexes
 10220 | D:9      | Found a staircase to the Orcish Mines.
 10354 | D:9      | Noticed Joseph
 10361 | D:9      | Reached XP level 11. HP: 93/93 MP: 20/26
 10369 | D:9      | Killed Joseph
 10535 | D:9      | Noticed an angel
 10535 | D:9      | Reached skill level 5 in Fighting
 10536 | D:9      | Found a glowing silver altar of Zin.
 10631 | D:10     | Entered Level 10 of the Dungeon
 10639 | D:10     | Noticed a hill giant
 10675 | D:9      | Acquired Qazlal's fifth power
 10675 | D:9      | Reached skill level 1 in Air Magic
 10783 | D:10     | Noticed a hill giant
 10802 | D:10     | Killed a hill giant
 10823 | D:9      | Killed a hill giant
 11031 | D:10     | Reached skill level 1 in Poison Magic
 11112 | D:10     | Noticed a lindwurm
 11113 | D:10     | Noticed a lindwurm
 11114 | D:10     | Noticed a lindwurm
 11135 | D:10     | Noticed a lindwurm
 11136 | D:10     | Killed a lindwurm
 11141 | D:10     | Killed a lindwurm
 11146 | D:10     | Killed a lindwurm
 11340 | D:10     | Reached skill level 9 in Hexes
 11453 | D:10     | Killed a lindwurm
 11534 | D:10     | Gained mutation: You are frail (-10% HP). [mutagenic meat]
 11535 | D:10     | Gained mutation: You can breathe flames. [mutagenic meat]
 11625 | D:10     | Noticed an unseen horror
 11639 | D:10     | Killed an unseen horror
 11763 | D:11     | Noticed a hill giant
 11794 | D:11     | Killed a hill giant
 11810 | D:11     | Noticed an unseen horror
 11832 | D:11     | Killed an unseen horror
 11832 | D:11     | Reached XP level 12. HP: 70/92 MP: 23/29
 11997 | D:11     | Noticed a wizard
 12019 | D:11     | Killed a wizard
 12070 | D:11     | Noticed a large abomination
 12070 | D:11     | Noticed a large abomination
 12070 | D:11     | Noticed a large abomination
 12070 | D:11     | Noticed a large abomination
 12122 | D:11     | Killed a large abomination
 12254 | D:11     | Killed a large abomination
 12288 | D:11     | Killed a large abomination
 12377 | D:11     | Noticed a large abomination
 12386 | D:11     | Killed a large abomination
 12585 | D:11     | Killed a large abomination
 12704 | D:11     | Learned a level 3 spell: Conjure Flame
 12727 | D:11     | Learned a level 1 spell: Shock
 12731 | D:11     | Learned a level 3 spell: Flight
 12734 | D:11     | Learned a level 2 spell: Swiftness
 12835 | D:11     | Found Psoem's Armour Shop.
 12854 | D:11     | Learned a level 6 spell: Invisibility
 12872 | D:11     | Found a staircase to the Lair.
 12894 | D:11     | Reached skill level 10 in Hexes
 13185 | Lair:1   | Entered Level 1 of the Lair of Beasts
 14377 | Lair:2   | Reached skill level 10 in Spellcasting
 15034 | Orc:1    | Entered Level 1 of the Orcish Mines
 15040 | Orc:1    | Reached XP level 13. HP: 99/99 MP: 14/31
 15475 | Orc:1    | Found a roughly hewn altar of Beogh.
 16594 | Orc:3    | Learned a level 2 spell: Cure Poison
 16628 | Orc:3    | Found a shimmering altar of Xom.
 16948 | Orc:4    | Entered Level 4 of the Orcish Mines
 17245 | Orc:4    | Noticed a stone giant
 17266 | Orc:4    | Killed a stone giant
 17314 | Orc:4    | Found Suanuamp's General Store.
 17323 | Orc:4    | Bought a scroll of random uselessness for 15 gold pieces
 17323 | Orc:4    | Bought a scroll of silence for 112 gold pieces
 17423 | Orc:4    | Found a staircase to the Elven Halls.
 17906 | Orc:4    | Found Pnougac's Assorted Antiques.
 17906 | Orc:4    | Found Hemis' Distillery.
 17907 | Orc:4    | Found Ehopluil's Jewellery Boutique.
 17910 | Orc:4    | Found Chaqoloy's Antique Weapon Shop.
 17914 | Orc:4    | Bought a potion of cancellation for 66 gold pieces
 17922 | Orc:4    | Bought a glistering book for 465 gold pieces
 17922 | Orc:4    | Identified Vehumet's Disquisition on Conjuration (You bought it in a shop on level 4 of the Orcish Mines)
 18074 | Orc:4    | Reached skill level 5 in Conjurations
 18074 | Orc:4    | Reached skill level 11 in Hexes
 18166 | Elf:1    | Entered Level 1 of the Elven Halls
 18186 | Elf:1    | Noticed Nessos
 19483 | Lair:3   | Found a staircase to the Snake Pit.
 20630 | Lair:4   | Reached XP level 14. HP: 105/108 MP: 20/33
 22722 | Lair:7   | Noticed Erica
 22744 | Lair:7   | Killed Erica
 22983 | Lair:6   | Noticed Fannar
 23002 | Lair:6   | Killed Fannar
 23352 | Lair:6   | Found a staircase to the Shoals.
 23360 | Lair:6   | Found a viscous altar of Jiyva.
 23360 | Lair:6   | Found a staircase to the Slime Pits.
 24598 | Lair:8   | Entered Level 8 of the Lair of Beasts
 24622 | Lair:8   | Noticed Fluffy's ghost (powerful MiFi)
 24902 | Lair:8   | Reached skill level 12 in Spellcasting
 24927 | Lair:7   | Reached skill level 10 in Dodging
 25167 | Lair:8   | Found a dark tunnel.
 25189 | Volcano  | Entered a volcano
 25608 | Volcano  | Reached skill level 5 in Air Magic
 25849 | Volcano  | Found a radiant altar of Vehumet.
 26149 | Lair:8   | Learned a level 6 spell: Mass Confusion
 26242 | Lair:8   | Reached XP level 15. HP: 44/116 MP: 8/34
 27220 | Lair:8   | Killed Fluffy's ghost
 28040 | Lair:8   | Lost mutation: You are frail (-10% HP). [potion of mutation]
 28040 | Lair:8   | Gained mutation: You are surrounded by a mild repulsion field (EV +2). [potion of mutation]
 28040 | Lair:8   | Gained mutation: You are robust (+10% HP). [potion of mutation]
 28470 | Lair:8   | Reached skill level 13 in Spellcasting
 28970 | Lair:2   | Learned a level 4 spell: Summon Lightning Spire
 29000 | Lair:2   | Gained mutation: You have a pair of small horns on your head. [potion of beneficial mutation]
 29087 | Snake:1  | Entered Level 1 of the Snake Pit
 29920 | Snake:1  | Noticed Asterion
 29941 | Snake:1  | Killed Asterion
 31328 | Snake:2  | Reached XP level 16. HP: 151/154 MP: 29/36
 31565 | Snake:2  | Reached skill level 1 in Summonings
 32389 | Snake:3  | Noticed Saint Roka
 32437 | Snake:3  | Reached skill level 1 in Shields
 32553 | Snake:3  | Killed Saint Roka
 32946 | Snake:3  | Noticed Louise
 32959 | Snake:3  | Killed Louise
 33209 | Snake:4  | Reached skill level 1 in Throwing
 33630 | Snake:4  | Found Owoquang's Jewellery Shop.
 34000 | Snake:5  | Entered Level 5 of the Snake Pit
 34375 | Snake:5  | Reached skill level 1 in Charms
 34563 | Snake:5  | Reached skill level 10 in Maces & Flails
 34736 | Snake:5  | Reached skill level 14 in Spellcasting
 36563 | Snake:5  | HP: 6/155 [naga sharpshooter/arrow (3)]
 36569 | Snake:5  | HP: 4/155 [poisoned by a greater naga (poison arrow)]
 36571 | Snake:5  | Killed from afar by a greater naga

Action                   |  1- 3 |  4- 6 |  7- 9 | 10-12 | 13-15 | 16-18 || total
-------------------------+-------+-------+-------+-------+-------+-------++-------
Melee: Dagger            |    42 |    77 |       |       |       |       ||   119
       Flail             |       |    29 |   382 |   612 |  1051 |   275 ||  2349
Throw: Javelin           |       |       |     6 |     1 |     4 |     5 ||    16
 Cast: Corona            |     6 |     1 |       |       |       |       ||     7
       Dazzling Spray    |     4 |    31 |    53 |   105 |   142 |    49 ||   384
       Confuse           |       |     5 |    63 |   106 |   220 |    39 ||   433
       Mephitic Cloud    |       |       |       |     2 |    19 |     4 ||    25
       Shock             |       |       |       |    41 |   635 |   213 ||   889
       Enslavement       |       |       |       |     4 |     6 |       ||    10
       Flight            |       |       |       |     3 |     6 |     1 ||    10
       Swiftness         |       |       |       |     2 |       |       ||     2
       Conjure Flame     |       |       |       |       |     1 |     1 ||     2
       Summon Lightning  |       |       |       |       |    11 |    71 ||    82
       Mass Confusion    |       |       |       |       |     5 |    13 ||    18
 Abil: Spit Poison       |    31 |    76 |    94 |   111 |    78 |     4 ||   394
       Breathe Fire      |       |       |       |    17 |    55 |    18 ||    90
Evoke: Wand              |       |       |     2 |     5 |     3 |       ||    10
       Stone of tremors  |       |       |       |       |     2 |       ||     2
  Use: Scroll            |       |     4 |    10 |    16 |    15 |     9 ||    54
       Potion            |       |     2 |     1 |     7 |     5 |     5 ||    20
 Stab: Sleeping          |       |     1 |     1 |       |       |       ||     2
       Confused          |       |       |    16 |    38 |    83 |    17 ||   154
       Invisible         |       |       |     2 |    10 |    10 |     4 ||    26
       Distracted        |       |       |       |       |       |     5 ||     5
  Eat: Chunk             |     4 |    18 |    18 |    26 |    60 |    16 ||   142
       Bread ration      |       |       |     2 |     1 |     1 |       ||     4
       Beef jerky        |       |       |     1 |     2 |       |     1 ||     4
       Meat ration       |       |       |     1 |       |     1 |     1 ||     3
       Fruit             |       |       |       |     1 |       |       ||     1
